Map: Coda LE (Void)

Players

WhiteRa

  • Race: Protoss Protoss

Wintersc2 (Winter) - Winner!

  • Race: Protoss Protoss

VOD

Have the link to the VOD?

Description

Time

  • Played on: April 5, 2015, 10:35 p.m.
  • Length: 14:36
Show
View Real Time Build Order
Export as new Build Order

WhiteRa Protoss 

Build Orders: Adept Opening, Phoenix Opening, Phoenix Opening 

Get SALT Encoding   

  12  0:01  Probe  
  13  0:14  Pylon  
  13  0:20  Probe  
  14  0:32  Probe (Chrono Boost)  
  15  0:38  Gateway  
  15  0:42  Probe (Chrono Boost)  
  16  0:50  Probe  
  16  0:51  Assimilator  
  16  0:56  Assimilator  
  17  1:02  Probe  
  18  1:06  Pylon  
  18  1:14  Probe (Chrono Boost)  
  19  1:25  Cybernetics Core  
  20  1:26  Probe (Chrono Boost)  
  20  1:33  Probe  
  21  1:45  Probe (Chrono Boost)  
  22  1:56  Probe (Chrono Boost)  
  23  2:01  Pylon  
  23  2:02  Adept, Warp Gate  
  23  2:03  Mothership Core (Chrono Boost)  
  26  2:19  Stargate  
  27  2:22  Probe (Chrono Boost)  
  27  2:29  Probe  
  28  2:41  Gateway  
  28  2:44  Gateway  
  28  2:49  Probe  
  29  2:59  Stalker (Chrono Boost)  
  31  3:06  Phoenix (Chrono Boost)  
  30  3:33  Phoenix  
  31  3:42  Probe  
  31  3:47  Pylon  
  32  4:00  Phoenix (Chrono Boost)  
  34  4:08  Sentry  
  36  4:12  Nexus  
  36  4:18  Phoenix (Chrono Boost)  
  36  4:20  Pylon  
  38  4:24  Sentry  
  40  4:40  Phoenix (Chrono Boost)  
  40  4:42  Probe  
  42  4:54  Probe  
  42  4:58  Stalker x2  
  47  5:06  Probe  
  46  5:28  Phoenix (Chrono Boost)  
  48  5:32  Stalker x2  
  52  5:36  Probe  
  52  5:39  Probe  
  54  5:45  Pylon  
  55  5:52  Probe x2 (Chrono Boost)  
  56  6:02  Probe (Chrono Boost)  
  54  6:04  Probe (Chrono Boost)  
  54  6:08  Phoenix (Chrono Boost)  
  54  6:11  Pylon  
  56  6:13  Probe  
  56  6:14  Probe  
  58  6:25  Probe, Phoenix (Chrono Boost)  
  58  6:31  Assimilator  
  58  6:35  Stalker  
  58  6:36  Assimilator  
  56  6:47  Phoenix (Chrono Boost)  
  56  6:48  Stalker  
  60  6:54  Zealot  
  60  7:01  Probe x2  
  64  7:05  Phoenix (Chrono Boost)  
  68  7:23  Phoenix (Chrono Boost)  
  68  7:34  Pylon  
  68  7:35  Stalker x2  
  72  7:41  Phoenix (Chrono Boost)  
  72  7:50  Probe x2  
  74  7:59  Phoenix (Chrono Boost)  
  74  8:00  Phoenix (Chrono Boost)  
  74  8:02  Probe x2  
  74  8:14  Probe x2  
  76  8:21  Phoenix (Chrono Boost)  
  76  8:23  Stalker x2  
  82  8:27  Robotics Facility  
  76  8:46  Phoenix (Chrono Boost)  
  78  8:51  Probe  
  78  8:52  Probe  
  80  8:56  Twilight Council  
  80  9:04  Probe x2  
  80  9:08  Phoenix (Chrono Boost)  
  84  9:15  Pylon  
  84  9:22  Pylon  
  84  9:25  Nexus  
  84  9:31  Observer  
  84  9:35  Pylon  
  84  9:36  Blink (Chrono Boost)  
  84  9:38  Stalker  
  86  9:41  Stalker  
  88  9:46  Stalker  
  91  9:53  Observer  
  91  9:55  Pylon  
  91  10:03  Stalker  
  93  10:07  Gateway  
  93  10:09  Gateway  
  93  10:16  Gateway  
  93  10:27  Stalker x2  
  97  10:33  Stalker  
  99  10:43  Probe x2  
  101  10:55  Forge  
  101  10:58  Probe x2  
  101  10:59  Probe  
  101  11:02  Assimilator  
  101  11:03  Stalker  
  106  11:06  Assimilator  
  106  11:13  Stalker  
  106  11:14  Stalker  
  106  11:15  Pylon  
  110  11:19  Templar Archives  
  110  11:25  Probe x3  
  112  11:27  Observer  
  114  11:36  Stalker x2  
  114  11:37  Probe x2  
  120  11:43  Photon Cannon  
  120  11:44  Protoss Ground Weapons Level 1 (Chrono Boost)  
  120  11:58  High Templar x4  
  120  12:00  High Templar x2  
  132  12:10  Charge  
  132  12:19  Gateway  
  132  12:21  Gateway  
  132  12:24  Gateway  
  122  12:41  Archon x2  
  122  12:43  Stalker  
  94  12:46  Zealot x4  
  86  12:54  Dark Shrine  
  64  13:01  Stalker  
  38  13:13  Stalker x5  
  39  13:30  Zealot x3  
  45  13:37  Zealot x3  
  45  13:49  Gateway  
  45  13:52  Gateway  
  45  14:07  Dark Templar x2  
  46  14:11  Pylon  
Show
View Real Time Build Order
Export as new Build Order

Wintersc2 Protoss - Winner!

Build Orders: Phoenix Opening, Phoenix Opening, Zealot Archon 

Get SALT Encoding   

  12  0:01  Probe  
  13  0:15  Pylon  
  13  0:19  Probe  
  14  0:33  Probe (Chrono Boost)  
  15  0:39  Gateway  
  16  0:43  Probe (Chrono Boost)  
  16  0:50  Probe  
  17  0:59  Assimilator  
  17  1:02  Probe (Chrono Boost)  
  18  1:05  Pylon  
  18  1:13  Probe (Chrono Boost)  
  18  1:17  Assimilator  
  19  1:27  Cybernetics Core  
  19  1:28  Probe (Chrono Boost)  
  21  1:40  Probe (Chrono Boost)  
  21  1:48  Probe (Chrono Boost)  
  22  1:57  Probe  
  22  1:58  Pylon  
  23  2:06  Warp Gate (Chrono Boost)  
  23  2:13  Stargate  
  23  2:18  Adept  
  23  2:20  Probe  
  26  2:29  Gateway  
  26  2:33  Mothership Core (Chrono Boost)  
  28  2:48  Probe (Chrono Boost)  
  29  2:54  Gateway  
  29  2:56  Phoenix (Chrono Boost)  
  31  2:59  Probe  
  32  3:11  Probe  
  30  3:22  Phoenix (Chrono Boost)  
  30  3:23  Probe  
  30  3:43  Phoenix  
  30  3:46  Probe  
  33  3:52  Pylon  
  33  4:08  Pylon, Zealot, Phoenix (Chrono Boost)  
  37  4:12  Probe  
  38  4:31  Phoenix (Chrono Boost)  
  40  4:35  Zealot  
  40  4:36  Zealot x2  
  46  4:50  Probe  
  46  4:51  Phoenix (Chrono Boost)  
  49  4:58  Stalker  
  51  5:01  Adept  
  53  5:16  Phoenix (Chrono Boost)  
  43  5:36  Phoenix (Chrono Boost)  
  43  5:40  Pylon  
  45  5:43  Pylon  
  45  5:59  Phoenix (Chrono Boost)  
  41  6:15  Probe  
  44  6:19  Phoenix (Chrono Boost)  
  44  6:36  Phoenix (Chrono Boost)  
  44  6:48  Zealot  
  44  6:51  Probe  
  47  6:59  Phoenix (Chrono Boost)  
  49  7:17  Phoenix (Chrono Boost)  
  49  7:21  Probe  
  52  7:26  Nexus  
  52  7:28  Pylon  
  52  7:46  Phoenix (Chrono Boost)  
  52  7:50  Probe  
  55  8:04  Probe  
  56  8:15  Phoenix  
  56  8:18  Probe  
  57  8:30  Probe  
  56  8:40  Phoenix  
  52  9:07  Twilight Council  
  54  9:14  Probe  
  53  9:17  Gateway x2  
  53  9:21  Gateway  
  53  9:23  Assimilator  
  53  9:27  Assimilator  
  53  9:40  Zealot  
  53  9:41  Zealot x2  
  53  9:43  Charge (Chrono Boost)  
  59  9:55  Templar Archives  
  59  10:01  Zealot x2  
  59  10:02  Zealot  
  65  10:14  Zealot x2  
  69  10:21  Pylon  
  69  10:33  High Templar x4  
  77  10:39  Archon x2  
  77  10:43  Zealot  
  77  10:44  Zealot  
  77  10:49  Pylon  
  80  10:51  Pylon  
  80  11:07  High Templar x2  
  84  11:13  Archon  
  84  11:15  Pylon  
  84  11:26  Zealot x3  
  84  11:27  Zealot  
  84  11:28  Pylon  
  92  11:46  High Templar x2  
  96  11:48  High Templar  
  96  11:50  Zealot x3  
  104  11:59  Archon  
  104  12:05  High Templar  
  104  12:06  Zealot x2  
  110  12:11  Archon  
  110  12:15  Zealot x3  
  116  12:22  Pylon  
  98  12:41  Zealot x4  
  88  12:46  High Templar x2  
  88  12:56  Archon  
  84  13:03  Zealot x4  
  92  13:18  Zealot x2  
  97  13:24  Oracle (Chrono Boost)  
  94  13:51  Zealot x2  
  94  13:53  Zealot x2  
  102  14:03  Zealot x2  
  102  14:20  Zealot x3  
  102  14:22  High Templar  
  104  14:26  High Templar  
  101  14:33  Archon  
Tags
 
Add a new tag
Caveats
  • Supply blocks, unpowered buildings, or Contaminate may cause inaccurate times.
  • Supply counts are checked every 10 seconds.